 Dungeon Crawl Stone Soup version 0.28.0-45-g0d030f2227 (webtiles) character file.

Game seed: 3367707008999909462

5267 CryoSword the Fighter (level 10, -7/84 HPs)
             Began as a Formicid Fighter on Apr 8, 2022.
             Was an Initiate of Gozag.
             Mangled by an orc warrior
             ... wielding a +0 halberd
              (17 damage)
             ... in a bailey.
             The game lasted 00:16:51 (9370 turns).

CryoSword the Fighter (Formicid Fighter)            Turns: 9370, Time: 00:16:52

Health: -7/84      AC: 18    Str: 24    XL:     10   Next: 93%
Magic:  10/10      EV:  8    Int:  7    God:    Gozag
Gold:   404        SH:  6    Dex: 12    Spells: 9/9 levels left

rFire   . . .      SeeInvis +   a - +1 quarterstaff (drain)
rCold   + . .      Faith    .   c - +0 buckler
rNeg    . . .      Spirit   .   z - +0 plate armour
rPois   .          Reflect  .   (helmet unavailable)
rElec   .          Harm     .   g - +2 cloak
rCorr   .          Rampage  .   (no gloves)
Will    +....                   e - +0 pair of boots
Stlth   ..........              (no amulet)
HPRegen 0.24/turn               q - ring of protection from cold
MPRegen 0.12/turn               n - ring of flight

@: flying
A: permanent stasis, dig shafts and tunnels, antennae 3, four strong arms
a: Dig, Renounce Religion, Potion Petition, Call Merchant, Bribe Branch


You were in a bailey.
You worshipped Gozag.
Gozag was aware of your devotion.
You visited 2 branches of the dungeon, and saw 8 of its levels.
You also visited: Bailey.

You collected 742 gold pieces.
You spent 202 gold pieces at shops.
You paid 136 gold pieces to Gozag.

Inventory:

Hand Weapons
 a - a +1 quarterstaff of draining (weapon)
Missiles
 j - 8 poisoned darts (quivered)
 l - 2 javelins
 u - 7 boomerangs
 y - a throwing net
Armour
 c - a +0 buckler (worn)
 e - a +0 pair of boots (worn)
   (You found it on level 1 of the Dungeon)
 g - a +2 cloak (worn)
   (You bought it in a shop on level 2 of the Dungeon)
 z - a +0 plate armour (worn)
   (You found it on level 6 of the Dungeon)
Jewellery
 n - a ring of flight (right hand)
   (You found it on level 6 of the Dungeon)
 q - a ring of protection from cold (left hand)
   (You found it on level 6 of the Dungeon)
Wands
 h - a wand of digging (3)
   (You found it on level 3 of the Dungeon)
Scrolls
 f - a scroll of immolation {!r}
 o - a scroll of fear {unknown}
 p - a scroll of holy word {unknown}
 s - a scroll of amnesia {unknown}
 v - a scroll of acquirement {unknown}
 w - a scroll of blinking {unknown}
 x - a scroll of enchant armour {unknown}
Potions
 b - 2 potions of magic {unknown}
 i - 5 potions of curing {@q1}
 k - a potion of resistance
 m - 3 potions of attraction {!q}
 r - a potion of brilliance {unknown}
 A - 3 potions of mutation {unknown}
 B - a potion of haste {unknown}
 C - a potion of heal wounds {unknown}
 D - a potion of cancellation {unknown}


   Skills:
 * Level 9.7 Fighting
 * Level 8.6 Staves
 + Level 7.3 Armour
 - Level 5.0 Dodging
 + Level 7.9 Shields


You had 9 spell levels left.
You didn't know any spells.
Your spell library contained the following spells:

 Spells                   Type           Power      Damage    Failure   Level
 Magic Dart               Conj           0%         1d3       100%        1
 Searing Ray              Conj           0%         2d4       100%        2
 Gell's Gravitas          Tloc           0%         N/A       100%        3
 Lesser Beckoning         Tloc           0%         N/A       100%        3
 Teleport Other           Tloc           0%         N/A       100%        3
 Fulminant Prism          Conj/Hex       0%         3d6       100%        4


Dungeon Overview and Level Annotations

Branches:
Dungeon (7/15)             Temple (1/1) D:4          Bailey (1/1)

Altars:
Elyvilon
Fedhas
Gozag
Hepliaklqana
Makhleb
Nemelex Xobeh
Okawaru
Qazlal
Ru
Sif Muna
Trog
Vehumet
Wu Jian
Xom
Yredelemnul
Zin

Shops:
D:2 [   D:6 *

Annotations:
D:5 3 runed translucent doors, balagan2's ghost, novice DsGl
D:7 1 runed translucent door


Innate Abilities, Weirdness & Mutations

You cannot be hasted, slowed, berserked, paralysed or teleported.
You can dig through walls and to a lower floor.
You have a pair of large antennae on your head. (SInv)
Your four strong arms can wield two-handed weapons with a shield.


Message History

There is an open gate here.
The orc drinks a potion.
The orc flickers and vanishes for a moment.
You see here a fizzy emerald potion.
You see here an orange potion.
r - an orange potion You see here a fizzy emerald potion.
There is an open gate here.
The orc hits you but does no damage.
You hit the orc. You block the orc's attack.
You hit the orc. You block the orc's attack.
You hit the orc. The orc hits you with a +0 hand axe.
You closely miss the orc. You block the orc's attack.
You hit the orc. You drain the orc.
You kill the orc!
No target in view!
You now have enough gold to petition Gozag for potion effects.
You now have 404 gold pieces (gained 6).
You see here a +0 hand axe.
There is an open gate here.
A - a fizzy emerald potion
B - a bubbling yellow potion
C - a sedimented green potion
D - a lumpy green potion
A - 3 fizzy emerald potions (gained 2) 4 orcs come into view.
The orc shouts! x3; You hear a shout! x2
An orc warrior comes into view. It is wielding a +0 glaive.
An orc warrior comes into view. It is wielding a +0 halberd.
An orc warrior comes into view. It is wielding a +0 glaive.
The orc moves out of view.
The orc warrior shouts!
An orc knight comes into view. It is wielding a +0 glaive.
An orc warrior comes into view. It is wielding a +0 halberd.
The orc knight shouts!
The orc warrior shouts! x2
There is an open gate here.
There is an open gate here.
The orc knight roars a battlecry!
The orcs go into a battle-frenzy!
There is an open gate here.
There is a broken door here.
Things that are here:
a +0 trident; a +0 ring mail The orc warrior no longer looks unusually strong.
The orc warrior no longer looks unusually strong.
There is an open door here.
You see here a +0 spear.
Items here: )))))) [[[.
Things that are here:
a +0 halberd; a +0 scale mail You sock the orc warrior!
You drain the orc warrior. The orc warrior barely misses you.
You thump the orc warrior! You drain the orc warrior. You sock the orc warrior!
You kill the orc warrior!
You hit the orc. You block the orc's attack.
The orc warrior completely misses you.
You sock the orc!
You kill the orc!
You block the orc warrior's attack. The orc hits you but does no damage.
You barely miss the orc.
The orc warrior hits you from afar with a +0 halberd.
The orc warrior is distracted by your dazzling golden aura.
You barely miss the orc. The orc hits you but does no damage.
You block the orc warrior's attack.
You hit the orc. The orc hits you but does no damage.
The orc warrior hits you from afar with a +0 halberd.
You barely miss the orc. The orc hits you but does no damage.
The orc warrior closely misses you.
You sock the orc!
You kill the orc!
You block the orc warrior's attack.
You hit the orc knight. You drain the orc knight.
The orc warrior is no longer distracted by gold.
The orc warrior hits you from afar with a +0 halberd.
You closely miss the orc knight.
The orc warrior hits you but does no damage.
You feel very mighty all of a sudden.
The orc knight hits you but does no damage.
The orc hits you but does no damage. The orc warrior closely misses you.
You barely miss the orc knight.
The orc knight roars a battlecry!
The orcs go into a battle-frenzy!
The orc hits you with a +0 hand axe.
You bludgeon the orc knight!! You drain the orc knight!
You block the orc warrior's attack.
The orc knight hits you with a +0 glaive!!
The orc hits you with a +0 hand axe.
You sock the orc knight! You drain the orc knight.
The orc warrior hits you but does no damage.
The orc knight hits you with a +0 glaive.
The orc hits you with a +0 hand axe.
You thump the orc knight! You drain the orc knight.
The orc warrior closely misses you. The orc knight misses you.
You barely miss the orc knight.
The orc warrior hits you from afar with a +0 halberd.
* * * LOW HITPOINT WARNING * * *
The orc knight hits you but does no damage.
You hit the orc knight.
You kill the orc knight!
The orc warrior hits you with a +0 glaive.
* * * LOW HITPOINT WARNING * * *
You block the orc warrior's attack.
You barely miss the orc warrior.
The orc warrior hits you with a +0 glaive!
* * * LOW HITPOINT WARNING * * *
The orc warrior hits you from afar with a +0 halberd!
* * * LOW HITPOINT WARNING * * *
The orc warrior completely misses you.
Things that are here:
a +0 trident; a +0 halberd; a +0 ring mail The orc warrior noisily yells encouragement to no one in particular.
Items here: )))) [[.
The orc warrior no longer looks unusually strong.
You see here a +0 spear.
You bludgeon the orc!!
You kill the orc!
The orc warrior hits you from afar with a +0 glaive!
* * * LOW HITPOINT WARNING * * *
Items here: $ ))))))))) [[[.
Things that are here:
a +0 halberd; a +0 scale mail The orc warrior no longer looks unusually strong.
Things that are here:
a +0 trident; a +0 halberd; a +0 ring mail
Items here: )))) [[.
There is an open door here.
Okay, then.
The orc shouts!
There is a broken door here.
Things that are here:
a +0 trident; a +0 ring mail The orc warrior closely misses you.
The orc warrior hits you from afar with a +0 halberd!
* * * LOW HITPOINT WARNING * * *
The orc warrior closely misses you. The orc warrior closely misses you.
The orc warrior closely misses you.
There is an open gate here.
You feel a little less mighty now.
There is an open gate here.
Okay, then.
Okay, then.
As you read the scroll labelled HALOOH MYIM, it crumbles to dust.
The scroll dissolves into smoke.
It was a scroll of fog.
You block the orc warrior's attack. You block the orc warrior's attack.
The orc warrior hits you from afar with a +0 halberd!
You die...
Your body crumbles into a pile of gold.

#+++++#
##.....##
#....§..#
#...§.§§#
#...§§§§#
#§§#o#§§#
#§@§o{§§#
##§§§{§##
##'§§##
#.§.§.#
#..§§.#
#.....#
#.....#
#.....#
##''o##


You could see 2 orc warriors.

Vanquished Creatures
  Pikel (D:4)
  An orc knight (Bailey)
  Prince Ribbit (D:5)
  A hornet (D:7)
  A shadow (D:5)
  5 yaks
  Edmund (D:5)
  2 ice beasts
  5 orc warriors
  A sky beast (D:6)
  A black bear (D:5)
  A necrophage (D:5)
  A hornet zombie (D:5)
  3 ogres
  A centaur (D:5)
  A lemure (D:4)
  A kobold brigand (D:6)
  A gnoll sergeant (D:5)
  2 bullfrogs
  A wyvern zombie (D:5)
  2 water moccasin skeletons (D:5)
  3 bullfrog zombies
  A jelly (D:5)
  10 hounds
  Crazy Yiuf (D:3)
  A gnoll shaman (D:5)
  A centaur skeleton (D:5)
  Terence (D:3)
  3 bullfrog skeletons
  A human skeleton (D:7)
  2 iguanas
  6 orc wizards
  A hound zombie (D:5)
  13 gnolls
  5 adders
  A howler monkey skeleton (D:7)
  4 shadow imps
  2 white imps
  4 worms
  4 dart slugs
  37 orcs
  3 bats
  10 endoplasms
  2 giant cockroaches (D:1)
  5 goblins
  4 hobgoblins
  5 jackals
  A quokka (D:1)
  9 ball pythons
  3 frilled lizards
  A goblin skeleton (D:7)
  A goblin zombie (D:7)
  6 kobolds
  4 rats
189 creatures vanquished.

Notes
Turn   | Place    | Note
-------+----------+-------------------------------------------
     0 | D:1      | CryoSword the Formicid Fighter began the quest for the Orb.
     0 | D:1      | Reached XP level 1. HP: 18/18 MP: 1/1
   124 | D:1      | Reached XP level 2. HP: 23/24 MP: 2/2
   342 | D:1      | Found a faded altar of an unknown god.
   812 | D:2      | Reached XP level 3. HP: 28/29 MP: 3/3
   908 | D:2      | Found Paledd's Antique Armour Shoppe.
  1369 | D:3      | Reached XP level 4. HP: 33/37 MP: 4/4
  1523 | D:3      | Noticed Terence
  1528 | D:3      | Killed Terence
  1529 | D:3      | Reached skill level 4 in Fighting
  1529 | D:3      | Reached skill level 1 in Dodging
  1734 | D:3      | Found a runed translucent door.
  1735 | D:3      | Noticed Crazy Yiuf
  1889 | D:3      | Reached XP level 5. HP: 42/42 MP: 5/5
  2330 | D:3      | Killed Crazy Yiuf
  2915 | D:4      | Noticed an ogre
  2921 | D:4      | Killed an ogre
  2922 | D:4      | Reached XP level 6. HP: 37/49 MP: 6/6
  3085 | D:4      | Noticed Pikel
  3110 | D:4      | Killed Pikel
  3111 | D:4      | Reached skill level 5 in Fighting
  3111 | D:4      | Reached skill level 5 in Shields
  3111 | D:4      | Reached XP level 7. HP: 35/57 MP: 7/7
  3111 | D:4      | Reached XP level 8. HP: 39/64 MP: 8/8
  3247 | D:4      | Noticed a yak
  3247 | D:4      | Noticed a yak
  3248 | D:4      | Noticed a yak
  3248 | D:4      | Noticed a yak
  3274 | D:4      | Killed a yak
  3275 | D:4      | Reached skill level 6 in Fighting
  3275 | D:4      | Reached skill level 5 in Staves
  3279 | D:4      | Killed a yak
  3280 | D:4      | Reached skill level 5 in Armour
  3532 | D:3      | Killed a yak
  3633 | D:4      | Killed a yak
  3740 | D:4      | Found a staircase to the Ecumenical Temple.
  3749 | Temple   | Entered the Ecumenical Temple
  4124 | D:5      | Entered Level 5 of the Dungeon
  4137 | D:5      | Noticed Edmund
  4160 | D:5      | Killed Edmund
  4161 | D:5      | Reached XP level 9. HP: 41/71 MP: 9/9
  4374 | D:5      | Reached skill level 7 in Fighting
  4482 | D:5      | Found a hazy altar of Hepliaklqana.
  4598 | D:5      | Noticed Prince Ribbit
  4981 | D:5      | Found a runed translucent gate.
  4981 | D:5      | Noticed balagan2's ghost (novice DsGl)
  5057 | D:5      | Found a runed translucent gate.
  5059 | D:5      | Found a runed translucent gate.
  5441 | D:5      | Reached skill level 8 in Fighting
  5852 | D:5      | Killed Prince Ribbit
  5853 | D:5      | Reached XP level 10. HP: 51/81 MP: 10/10
  6541 | D:2      | Bought a glowing cloak for 202 gold pieces
  6819 | D:6      | Found Nucegg's Fire Supplies.
  7430 | D:6      | Reached skill level 9 in Fighting
  8215 | D:6      | Found a glowing silver altar of Zin.
  8216 | D:6      | Found an opulent altar of Gozag.
  8232 | D:6      | Became a worshipper of Gozag Ym Sagoz the Greedy
  8246 | D:7      | Found Viuwaas's Book Emporium.
  8458 | D:7      | Found a hazy altar of Hepliaklqana.
  8526 | D:7      | Found a runed translucent door.
  8530 | D:7      | Found a basalt altar of Yredelemnul.
  8577 | D:7      | Found a flagged portal.
  8586 | Bailey   | Entered a bailey
  9052 | Bailey   | Reached skill level 5 in Dodging
  9264 | Bailey   | Noticed an orc knight
  9315 | Bailey   | Killed an orc knight
  9370 | Bailey   | Mangled by an orc warrior

Illustrated notes

Levels and vault maps discovered:
D:1:      amcnicky_arrival_wind_blow, layout_loops_ring,
          dreamdust_ecumenical_altar_statues
D:2:      layout_basic, serial_shops, nicolae_shop_trees,
          minmay_stone_trees_small
D:3:      layout_loops_corners, hangedman_decor_lopped, uniq_crazy_yiuf_cottage,
          uniq_terence
D:4:      layout_gridville, minmay_temple_entry_poolview, minivault_19,
          corexii_corridor_pit, uniq_pikel
D:5:      minmay_razor_zed, layout_basic, general_overflow_altar,
          gammafunk_ghost_nasty_kobolds, hex_tiny, uniq_edmund,
          uniq_prince_ribbit1
D:6:      layout_basic, grunt_temple_overflow_gold_and_silver,
          nicolae_shop_fire_sale [nicolae_sub_dead_trees],
          minmay_chambers_of_fives
D:7:      nzn_winding_woodlands_cross [nzn_winding_woodlands_5x15_longhouse,
          nzn_winding_woodlands_5x15_zeroes,
          nzn_winding_woodlands_5x15_sidewinder,
          nzn_winding_woodlands_5x15_sawtooth,
          nzn_winding_woodlands_15x15_boxy_spiral], layout_loops_ring,
          dk_yredelemnul_ordeal, serial_shops, shop, enter_bailey_6,
          minmay_ruined_shrine
Temple:   minmay_temple_bridge_abc
Bailey:   bailey_polearm_5, bailey

Skill      XL: |  1  2  3  4  5  6  7  8  9 10 |
---------------+-------------------------------+-----
Fighting       | 4 5 6 8 9 |  9.7
Dodging        | 1 2 3 4 5 |  5.0
Shields        | 4 5 6 7 |  7.9
Staves         | 3 4 5 7 8 |  8.6
Armour         | 4 5 6 7 |  7.3

Action                   |  1- 3 |  4- 6 |  7- 9 | 10-12 || total
-------------------------+-------+-------+-------+-------++-------
Melee: Quarterstaff      |    78 |   106 |   209 |   277 ||   670
Throw: Dart              |       |       |     2 |       ||     2
 Abil: Dig               |       |       |     6 |     3 ||     9
  Use: Scroll            |     6 |       |     2 |     4 ||    12
       Potion            |       |       |       |     2 ||     2
Armor: Scale mail        |    25 |    37 |    65 |    60 ||   187
       Plate armour      |       |       |       |    69 ||    69
Dodge: Dodged            |    28 |    38 |    88 |   142 ||   296
Block: Buckler           |    14 |    18 |    47 |    87 ||   166
